Map: Neon Violet Square LE

Players

nope

  • Race: Zerg Zerg
  • Spawn Location: 11:00

llllllllll - Winner!

  • Race: Zerg Zerg
  • League: Master
  • Spawn Location: 5:00

VOD

Have the link to the VOD?

Description

Time

  • Played on: Jan. 26, 2018, 5:02 a.m.
  • Length: 6:28
Show
View Real Time Build Order
Export as new Build Order

nope Zerg 

Build Orders: Pool First 

Get SALT Encoding   

  12  0:19  Spawning Pool  
  11  0:23  Drone  
  11  0:27  Drone  
  13  0:31  Drone  
  14  0:41  Overlord  
  14  1:06  Queen  
  14  1:07  Zergling x6  
  19  1:18  Zergling x2  
  20  1:29  Drone  
  21  1:36  Hatchery  
  20  1:40  Drone  
  21  1:55  Overlord  
  21  2:04  Zergling x2  
  21  2:13  Zergling x2  
  22  2:17  Zergling x6, Extractor  
  25  2:35  Drone  
  23  2:41  Drone  
  23  2:51  Drone  
  23  2:58  Drone  
  25  3:00  Drone x2  
  25  3:02  Hatchery  
  26  3:14  Overlord  
  25  3:23  Overlord  
  25  3:28  Metabolic Boost  
  25  3:42  Zergling x6  
  25  3:44  Queen  
  30  3:52  Zergling x6  
  33  3:56  Baneling Nest  
  33  3:57  Zergling x2  
  33  4:09  Zergling x2  
  34  4:19  Overlord  
  34  4:20  Zergling x6  
  34  4:23  Zergling x2  
  38  4:25  Zergling x2  
  39  4:32  Zergling x2  
  39  4:36  Zergling x2  
  41  4:46  Zergling x2  
  41  4:49  Zergling x2  
  44  4:52  Zergling x2  
  44  4:53  Zergling x6  
  44  4:59  Zergling x4  
  49  5:04  Overlord  
  49  5:09  Baneling  
  49  5:10  Baneling x2  
  49  5:11  Baneling  
  49  5:13  Baneling  
  49  5:16  Baneling  
  49  5:17  Baneling  
  49  5:29  Zergling x6  
  49  5:31  Baneling  
  52  5:50  Zergling x4  
  52  5:51  Zergling x6  
  57  6:01  Baneling x5  
  55  6:09  Zergling x4  
Show
View Real Time Build Order
Export as new Build Order

llllllllll Zerg - Winner!

Build Orders: Pool First 

Get SALT Encoding   

  12  0:19  Spawning Pool  
  11  0:23  Drone  
  13  0:28  Drone  
  13  0:33  Drone  
  14  0:44  Overlord  
  14  1:07  Zergling x6  
  17  1:18  Zergling x2  
  17  1:23  Hatchery  
  17  1:29  Zergling x2  
  18  1:36  Queen  
  20  1:41  Zergling x2  
  21  1:50  Overlord  
  21  2:04  Drone  
  22  2:15  Queen  
  22  2:39  Queen, Drone x4  
  27  2:51  Queen  
  29  3:06  Drone  
  29  3:07  Drone x4  
  29  3:08  Spine Crawler  
  33  3:16  Queen  
  35  3:23  Overlord  
  35  3:26  Drone  
  36  3:41  Drone x6  
  42  3:48  Queen  
  42  3:53  Overlord  
  44  4:11  Extractor x2  
  44  4:14  Drone x4  
  44  4:15  Drone x3  
  49  4:23  Overlord  
  49  4:25  Drone  
  50  4:35  Extractor  
  50  4:36  Drone x2  
  50  4:37  Drone  
  52  4:48  Overlord  
  52  4:49  Drone x6  
  58  4:56  Roach Warren, Evolution Chamber  
  56  5:08  Drone x2  
  56  5:09  Lair  
  56  5:10  Overlord x2  
  58  5:14  Drone  
  58  5:15  Drone x2  
  58  5:20  Extractor  
  60  5:30  Hatchery  
  60  5:35  Overlord  
  59  5:36  Roach x4  
  59  5:39  Roach  
  59  5:41  Roach  
  71  5:43  Roach  
  73  5:51  Drone  
  73  5:52  Overlord  
  73  5:55  Roach  
  73  5:56  Roach x2  
Tags
 
Add a new tag
Caveats
  • Supply blocks, unpowered buildings, or Contaminate may cause inaccurate times.
  • Supply counts are checked every 10 seconds.